 Dungeon Crawl Stone Soup version 0.30.1-11-g7821555f0a (webtiles) character file.

Game seed: 1750518300408077812

8758 Ijustatesigmund the Thaumaturge (level 11, -16/60 HPs)
             Began as a Deep Elf Earth Elementalist on Dec 8, 2023.
             Was a Follower of Vehumet.
             Demolished by Snorg (21 damage)
             ... on level 10 of the Dungeon.
             The game lasted 00:25:07 (10129 turns).

Ijustatesigmund the Thaumaturge (DEEE)             Turns: 10129, Time: 00:25:08

Health: -16/60     AC:  8    Str:  5    XL:     11   Next: 14%
Magic:  15/29      EV: 11    Int: 25    God:    Vehumet [*.....]
Gold:   535        SH:  0    Dex: 15    Spells: 31/35 levels left

rFire   . . .        s - +4 dagger
rCold   . . .        (no shield)
rNeg    . . .        a - +0 acid dragon scales
rPois   .            (no helmet)
rElec   .            (no cloak)
rCorr   +            r - +0 pair of gloves
SInv    +            (no boots)
Will    +....        (no amulet)
Stlth   ++           n - ring of see invisible
HPRegen 0.30/turn    (no ring)
MPRegen 0.21/turn

%: no passive effects
@: no status effects
A: no striking features
a: Renounce Religion


You were on level 10 of the Dungeon.
You worshipped Vehumet.
Vehumet was aware of your devotion.
You visited 2 branches of the dungeon, and saw 11 of its levels.

You collected 535 gold pieces.

Inventory:

Hand Weapons
 d - a +1 rapier of draining
 s - a +4 dagger (weapon)
Armour
 a - +0 acid dragon scales (worn)
 r - a +0 pair of gloves (worn)
 u - a +0 troll leather armour
Jewellery
 n - a ring of see invisible (left hand)
 p - an amulet of faith
Wands
 h - a wand of paralysis (2)
 o - a wand of flame (36)
 y - a wand of iceblast (14)
 A - a wand of acid (27)
 C - a wand of mindburst (5)
Scrolls
 e - 2 scrolls of identify
 f - a scroll of silence
 g - a scroll of magic mapping
 k - 3 scrolls of amnesia
 l - 2 scrolls of vulnerability
 v - a scroll of brand weapon
 B - 2 scrolls of teleportation
Potions
 b - a potion of magic
 c - 2 potions of heal wounds
 i - 2 potions of brilliance
 j - a potion of mutation
 m - a potion of attraction
 q - 3 potions of ambrosia
 t - a potion of flight
 w - 2 potions of invisibility
 x - 2 potions of haste
 z - 5 potions of curing
 D - a potion of resistance


   Skills:
 - Level 3.1 Fighting
 - Level 4.1 Armour
 - Level 2.4 Dodging
 - Level 2.4 Stealth
 + Level 12.5 Spellcasting
 + Level 9.9 Conjurations
 - Level 1.1 Transmutations
 + Level 10.8 Earth Magic


You had 31 spell levels left.
You knew the following spells:

 Your Spells              Type           Power      Damage    Failure   Level
a - Sandblast             Erth           100%       2d20      1%          1
b - Stone Arrow           Conj/Erth      100%       3d13      1%          3

Your spell library contained the following spells:

 Spells                   Type           Power      Damage    Failure   Level
 Shock                    Conj/Air       100%       1d9       1%          1
 Passwall                 Tmut/Erth      37%        N/A       1%          2
 Beastly Appendage        Tmut           42%        N/A       4%          1
 Petrify                  Tmut/Erth      45%        N/A       7%          4
 Wereblood                Tmut           21%        N/A       8%          2
 Iskenderun's Mystic Bla  Conj/Tloc      40%        2d9       10%         4
 Ensorcelled Hibernation  Hex/Ice        30%        N/A       12%         2
 Spider Form              Tmut/Pois      18%        N/A       19%         3
 Confusing Touch          Hex            15%        N/A       24%         3
 Tukima's Dance           Hex            15%        N/A       24%         3
 Anguish                  Hex/Necr       7%         N/A       61%         4
 Silence                  Hex/Air        7%         N/A       91%         5


Dungeon Overview and Level Annotations

Branches:
Dungeon (10/15)            Temple (1/1) D:7            Lair (0/5) D:9
    Orc: D:9-12

Altars:
Ashenzari
Cheibriados
Dithmenos
Elyvilon
Fedhas
Gozag
Hepliaklqana
Kikubaaqudgha
Makhleb
Nemelex Xobeh
Okawaru
Qazlal
Ru
Sif Muna
Trog
Uskayaw
Vehumet
Wu Jian
Xom
Yredelemnul
Zin
The Shining One

Shops:
D:2 [

Annotations:
D:10 Snorg


Message History

Aim: Snorg (lightly wounded, 78% to hit)
The stone arrow misses Snorg.
Snorg goes berserk!
An electric eel comes into view.
Unknown command.
Aiming: Throw Flame
Press: ? - help, Shift-Dir - straight line, f/p - Snorg
Aim: Snorg (lightly wounded, berserk, 68% to hit)
The puff of flame hits Snorg.
Snorg is lightly wounded.
Snorg is engulfed in a cloud of scalding steam.
Snorg rages.
Casting: Stone Arrow (safe; 1% risk of failure)
Confirm with . or Enter, or press ? or * to list all spells.
Aiming: Stone Arrow (safe; 1% risk of failure)
Press: ? - help, Shift-Dir - straight line, f/p - Snorg
Aim: Snorg (moderately wounded, berserk, 78% to hit)
The stone arrow hits Snorg!!
Snorg is heavily wounded.
Unknown command.
Casting: Stone Arrow (safe; 1% risk of failure)
Confirm with . or Enter, or press ? or * to list all spells.
Aiming: Stone Arrow (safe; 1% risk of failure)
Press: ? - help, Shift-Dir - straight line, f/p - Snorg
Aim: Snorg (heavily wounded, berserk, 78% to hit)
The stone arrow hits Snorg!!
Snorg is severely wounded.
Snorg bites you!! Snorg claws you! x2
* * * LOW HITPOINT WARNING * * *
Snorg bites you but does no damage. Snorg claws you but does no damage.
Snorg claws you!
* * * LOW HITPOINT WARNING * * *
Casting: Stone Arrow (safe; 1% risk of failure)
Confirm with . or Enter, or press ? or * to list all spells.
Aiming: Stone Arrow (safe; 1% risk of failure)
Press: ? - help, Shift-Dir - straight line, f/p - Snorg
Aim: Snorg (heavily wounded, berserk, 78% to hit)
The stone arrow hits Snorg!!
Snorg is severely wounded.
Snorg bites you!!
You die...

. #........... .
#.......... .
#.....~....#......#.....
≈...~~≈~.. ...~.~.~...~
≈~~~§~~≈~####.~~~~≈≈~≈~≈
≈~~S~≈.~~≈≈≈≈≈~≈≈≈≈≈≈≈≈~
≈~.....~≈≈≈≈≈≈≈≈≈≈≈≈≈≈≈#
#....?T@~~≈≈≈≈≈≈≈≈≈≈≈≈~#
#........~~~≈≈~≈~~~.~...
#..........~≈~~.~.~.....
#............~..........
##...........###........
.............# #........
.............# #........
.............###........
.......................


You could see Snorg (berserk) and an electric eel.

Vanquished Creatures
  Erica (D:9)
  2 two-headed ogres
  A wizard (D:10)
  A salamander (shapeshifter) (D:9)
  An efreet (D:9)
  2 trolls
  Prince Ribbit (D:6)
  A hornet (D:10)
  2 shadows (D:9)
  2 wyverns
  A vampire (D:10)
  2 steam dragons
  2 acid dragons
  A water moccasin (D:4)
  5 ice beasts
  4 orc warriors
  A sky beast (D:7)
  2 black bears
  2 ogres (D:5)
  4 kobold brigands
  3 bullfrogs
  5 scorpions
  A gnoll sergeant (D:6)
  8 wights
  5 electric eels (D:10)
  5 howler monkeys
  3 hounds
  2 jellies
  5 orc priests
  Terence (D:2)
  A gnoll bouda (D:4)
  2 sleepcaps
  6 iguanas
  4 orc wizards
  11 gnolls
  6 adders
  2 white imps (D:5)
  4 ufetubi
  A worm (D:3)
  3 dart slugs
  17 orcs
  5 bats
  7 endoplasms
  4 giant cockroaches
  8 goblins
  7 hobgoblins
  A quokka (D:3)
  7 ball pythons
  3 frilled lizards
  25 kobolds
  8 rats
208 creatures vanquished.

Notes
Turn   | Place    | Note
-------+----------+-------------------------------------------
     0 | D:1      | Ijustatesigmund the Deep Elf Earth Elementalist began the
                  | quest for the Orb.
     0 | D:1      | Reached XP level 1. HP: 10/10 MP: 6/6
   126 | D:1      | Reached XP level 2. HP: 15/15 MP: 5/8
   650 | D:2      | Found a shimmering blue altar of Sif Muna.
   658 | D:2      | Reached skill level 4 in Spellcasting
   658 | D:2      | Reached XP level 3. HP: 19/19 MP: 6/10
   777 | D:2      | Found Ceizamem's Armour Shop.
   945 | D:2      | Noticed Terence
   957 | D:2      | Killed Terence
   958 | D:2      | Reached XP level 4. HP: 11/24 MP: 3/12
  1357 | D:3      | Reached skill level 1 in Fighting
  1529 | D:3      | Found a broken altar of Ashenzari.
  1533 | D:3      | Found an iron altar of Okawaru.
  1536 | D:3      | Found a sacrificial altar of Ru.
  1544 | D:3      | Reached skill level 5 in Spellcasting
  1631 | D:3      | Reached XP level 5. HP: 29/29 MP: 11/14
  2237 | D:4      | Reached skill level 5 in Earth Magic
  2328 | D:4      | Found a blossoming altar of Fedhas.
  2334 | D:4      | Reached XP level 6. HP: 35/35 MP: 13/16
  2759 | D:4      | Reached skill level 6 in Spellcasting
  2948 | D:5      | Entered Level 5 of the Dungeon
  2948 | D:5      | Noticed a water moccasin
  2952 | D:4      | Killed a water moccasin
  2953 | D:4      | Reached XP level 7. HP: 39/41 MP: 15/18
  3115 | D:5      | Learned a level 3 spell: Stone Arrow
  3200 | D:5      | Reached skill level 7 in Spellcasting
  3200 | D:5      | Reached skill level 1 in Conjurations
  3677 | D:5      | Reached XP level 8. HP: 46/46 MP: 14/21
  4071 | D:5      | Reached skill level 8 in Spellcasting
  4230 | D:5      | Noticed a troll
  4239 | D:5      | Killed a troll
  4240 | D:5      | Reached skill level 5 in Conjurations
  4764 | D:6      | Reached skill level 9 in Spellcasting
  5026 | D:6      | Reached XP level 9. HP: 50/50 MP: 20/24
  5140 | D:6      | Noticed Prince Ribbit
  5145 | D:6      | Killed Prince Ribbit
  5625 | D:6      | Found a hazy altar of Hepliaklqana.
  5634 | D:6      | Found a burning altar of Makhleb.
  5847 | D:7      | Reached skill level 10 in Spellcasting
  6104 | D:7      | Found an opulent altar of Gozag.
  6365 | D:7      | Found a staircase to the Ecumenical Temple.
  6657 | D:7      | Identified the +0 dagger of Peril {vamp, rC+ Will+}
  6952 | Temple   | Entered the Ecumenical Temple
  7073 | Temple   | Became a worshipper of Vehumet
  7493 | D:8      | Noticed a two-headed ogre
  7499 | D:8      | Killed a two-headed ogre
  7500 | D:8      | Reached skill level 11 in Spellcasting
  7500 | D:8      | Reached XP level 10. HP: 56/56 MP: 13/27
  8461 | D:9      | Reached skill level 10 in Earth Magic
  8486 | D:9      | Reached * piety under Vehumet
  8486 | D:9      | Offered knowledge of Shock by Vehumet.
  8668 | D:9      | Reached skill level 12 in Spellcasting
  8705 | D:9      | Noticed a two-headed ogre
  8711 | D:9      | Killed a two-headed ogre
  8784 | D:9      | Noticed a salamander
  8821 | D:9      | Killed a salamander
  8891 | D:9      | Got the Writings on Unfortunate Movement
  8898 | D:9      | Found a staircase to the Lair.
  9080 | D:9      | Reached skill level 1 in Armour
  9328 | D:9      | Noticed Erica
  9332 | D:9      | Killed Erica
  9583 | D:10     | Entered Level 10 of the Dungeon
  9634 | D:10     | Reached XP level 11. HP: 60/60 MP: 22/29
  9885 | D:10     | Noticed a wizard
  9889 | D:10     | Killed a wizard
 10121 | D:10     | Noticed Snorg
 10129 | D:10     | Demolished by Snorg

Illustrated notes

Levels and vault maps discovered:
D:1:      spicycebolla_arrival_ecumenical, layout_rooms
D:2:      layout_rooms, serial_shops, shop, serial_aquarium,
          aquarium_bridge_straight [aquarium_subvault_bridge,
          aquarium_subvault_wall, aquarium_subvault_bridge,
          aquarium_subvault_wall], aquarium_window_double,
          aquarium_window_double, aquarium_window_2, aquarium_window_corridor_2,
          aquarium_view_2b, aquarium_view_2e, aquarium_pool_2, basic_altar,
          minmay_tree_intersection, uniq_terence
D:3:      layout_loops_ring, grunt_temple_overflow_open,
          chequers_serial_rivers_small_b, minmay_misc_feat_more_columns
D:4:      layout_basic, mainiacjoe_overflow_chevrons
D:5:      layout_cave_pods
D:6:      layout_cave_pools, mainiacjoe_overflow_swirl, dk_noncrumbling_2,
          uniq_prince_ribbit1
D:7:      layout_basic, mainiacjoe_overflow_catwalk,
          minmay_temple_entry_butterflies
D:8:      layout_basic
D:9:      layout_stronghold, lair_entry_dummy, minmay_checkerbox, uniq_erica
D:10:     cheibrodos_wizards_tower, layout_basic, uniq_snorg
Temple:   nicolae_temple_superstar

Skill      XL: |  1  2  3  4  5  6  7  8  9 10 11 |
---------------+----------------------------------+-----
Spellcasting   | 4 5 6 7 9 11 12 | 12.5
Earth Magic    | 4 5 6 7 9 10 | 10.8
Fighting       | 1 2 3 |  3.1
Conjurations   | 3 6 8 9 |  9.9
Armour         | 2 4 |  4.1
Dodging        | |  2.4
Stealth        | |  2.4
Transmutations | |  1.1

Action                     |  1- 3 |  4- 6 |  7- 9 | 10-12 || total
---------------------------+-------+-------+-------+-------++-------
  Melee: Short sword       |     2 |     8 |       |       ||    10
         Dagger            |       |       |    10 |    17 ||    27
   Cast: Sandblast         |    45 |    74 |    32 |    10 ||   161
         Stone Arrow       |       |       |    98 |    76 ||   174
  Evoke: Wand              |       |       |       |     3 ||     3
    Use: Potion            |     1 |       |       |     5 ||     6
         Scroll            |       |     5 |    13 |     3 ||    21
   Stab: Sleeping          |       |       |     1 |       ||     1
 Armour: Robe              |     1 |     2 |     8 |     6 ||    17
         Acid dragon scale |       |       |       |     2 ||     2
  Dodge: Dodged            |     5 |    22 |    24 |    17 ||    68
